Map: Tropical Sacrifice

Players

Jextinction

  • Race: Zerg Zerg
  • Spawn Location: 7:00

Altermann - Winner!

  • Race: Protoss Protoss
  • League: Platinum
  • Spawn Location: 1:00

VOD

Have the link to the VOD?

Description

Time

  • Played on: Oct. 19, 2022, 10:33 a.m.
  • Length: 11:57
Show
View Real Time Build Order
Export as new Build Order

Jextinction Zerg 

Build Orders: Hatch First 

Get SALT Encoding   

  12  0:00  Drone  
  13  0:14  Overlord  
  13  0:19  Drone  
  14  0:33  Drone  
  15  0:48  Hatchery  
  14  0:52  Drone  
  15  0:57  Drone  
  16  1:06  Extractor  
  15  1:14  Spawning Pool  
  15  1:16  Drone  
  15  1:21  Drone  
  15  1:25  Drone  
  17  1:34  Drone  
  18  1:40  Drone  
  19  1:49  Drone  
  20  2:01  Queen x2  
  20  2:04  Zergling x2  
  20  2:07  Zergling x2  
  26  2:14  Overlord  
  26  2:18  Drone  
  27  2:24  Drone  
  28  2:30  Metabolic Boost  
  28  2:34  Zergling x2  
  28  2:35  Drone  
  28  2:36  Drone  
  31  2:45  Queen  
  31  2:49  Overlord  
  33  2:56  Drone  
  34  3:10  Hatchery  
  33  3:15  Drone x2  
  33  3:16  Drone  
  33  3:17  Drone  
  37  3:27  Overlord, Drone  
  38  3:45  Drone  
  38  3:46  Drone x3  
  42  3:50  Lair  
  42  4:04  Drone  
  42  4:05  Drone  
  44  4:22  Drone x2  
  44  4:23  Drone x2  
  48  4:26  Queen  
  48  4:27  Queen  
  52  4:32  Overlord  
  52  4:35  Overlord  
  52  4:40  Overlord  
  52  4:45  Zergling x2  
  52  4:46  Zergling x4  
  55  4:55  Drone x3  
  55  4:56  Drone  
  55  4:57  Drone x2  
  61  5:02  Queen  
  61  5:03  Queen  
  65  5:11  Zergling x4  
  65  5:12  Zergling x8  
  71  5:14  Overlord  
  71  5:18  Overlord  
  71  5:20  Overlord  
  71  5:24  Drone x3  
  71  5:27  Extractor  
  73  5:29  Drone, Extractor  
  73  5:30  Drone  
  73  5:34  Drone  
  76  5:35  Drone x2  
  76  5:36  Drone  
  76  5:38  Drone, Extractor  
  76  5:40  Drone  
  76  5:41  Drone  
  76  5:42  Drone x3  
  83  5:55  Zergling x4  
  83  5:56  Zergling x6  
  87  6:09  Drone x4  
  87  6:10  Drone x2  
  93  6:12  Extractor  
  93  6:13  Extractor  
  91  6:26  Spine Crawler  
  91  6:27  Spine Crawler  
  91  6:28  Overlord x3  
  91  6:29  Spine Crawler  
  88  6:39  Spine Crawler  
  87  6:40  Spine Crawler  
  87  6:41  Spine Crawler  
  87  6:44  Roach Warren  
  87  6:46  Infestation Pit  
  83  6:47  Zergling x4  
  83  6:50  Drone  
  83  6:51  Drone x2  
  83  6:52  Drone x2  
  90  6:54  Drone x2  
  61  7:13  Zergling x6  
  61  7:14  Zergling x10  
  60  7:24  Roach x2  
  60  7:25  Roach x3  
  60  7:26  Roach  
  72  7:34  Drone  
  72  7:35  Drone  
  74  7:45  Hatchery  
  74  7:50  Hatchery  
  72  8:06  Drone x3  
  72  8:07  Drone x2  
  72  8:08  Drone  
  78  8:21  Overlord x2  
  75  8:37  Zergling x4, Roach x2  
  75  8:38  Roach x3  
  75  8:41  Infestor x2  
  90  8:55  Drone x2  
  92  9:02  Hatchery  
  91  9:05  Glial Reconstitution, Evolution Chamber  
  91  9:06  Evolution Chamber x2, Neural Parasite  
  88  9:13  Roach x3  
  88  9:14  Zergling x4, Roach  
  88  9:16  Ravager x2  
  101  9:17  Ravager x3  
  103  9:33  Hatchery  
  103  9:35  Zerg Ground Armor Level 1, Zerg Missile Weapons Level 1, Zerg Melee Weapons Level 1  
  86  10:11  Hatchery  
  85  10:24  Roach x3  
  85  10:25  Roach x6  
  85  10:26  Zergling x8  
  85  10:27  Zergling x4  
  100  11:00  Drone x6  
  100  11:01  Zergling x2  
  100  11:02  Roach x4  
  107  11:16  Roach  
  107  11:17  Roach x5  
  100  11:22  Spine Crawler  
  100  11:23  Spine Crawler, Roach x3  
  84  11:44  Drone x2  
Show
View Real Time Build Order
Export as new Build Order

Altermann Protoss - Winner!

Build Orders: 1 Gate Expand, Zealot Archon 

Get SALT Encoding   

  12  0:01  Probe  
  13  0:13  Probe  
  14  0:25  Probe (Chrono Boost)  
  14  0:26  Pylon  
  15  0:43  Probe (Chrono Boost)  
  15  0:45  Gateway  
  16  0:52  Probe  
  17  1:14  Nexus  
  17  1:20  Assimilator  
  17  1:23  Probe  
  18  1:36  Cybernetics Core  
  18  1:45  Gateway  
  18  1:51  Zealot  
  20  1:59  Pylon  
  20  2:01  Probe (Chrono Boost)  
  21  2:10  Probe (Chrono Boost)  
  22  2:19  Warp Gate  
  22  2:23  Gateway  
  22  2:29  Probe (Chrono Boost)  
  24  2:30  Probe (Chrono Boost)  
  25  2:38  Probe (Chrono Boost)  
  25  2:39  Probe (Chrono Boost)  
  25  2:40  Adept  
  25  2:43  Probe (Chrono Boost)  
  28  2:45  Probe (Chrono Boost)  
  30  2:53  Probe  
  30  2:57  Probe  
  32  3:04  Gateway  
  32  3:05  Probe  
  33  3:09  Probe  
  34  3:13  Twilight Council  
  34  3:17  Probe (Chrono Boost)  
  35  3:20  Assimilator  
  35  3:26  Probe (Chrono Boost)  
  36  3:28  Assimilator  
  36  3:29  Probe (Chrono Boost)  
  38  3:35  Probe (Chrono Boost)  
  38  3:37  Probe (Chrono Boost)  
  40  3:41  Probe (Chrono Boost)  
  40  3:44  Probe (Chrono Boost), Zealot  
  40  3:45  Zealot  
  40  3:48  Probe  
  45  3:52  Pylon  
  46  4:01  Assimilator  
  46  4:04  Forge  
  46  4:06  Charge  
  46  4:10  Probe (Chrono Boost)  
  46  4:11  Probe (Chrono Boost)  
  46  4:15  Templar Archives  
  48  4:22  Probe (Chrono Boost)  
  50  4:28  Probe (Chrono Boost)  
  50  4:30  Probe (Chrono Boost)  
  51  4:31  Stalker  
  51  4:35  Probe (Chrono Boost)  
  54  4:40  Pylon  
  54  4:41  Pylon  
  54  4:48  Protoss Ground Weapons Level 1 (Chrono Boost)  
  54  4:54  Pylon  
  54  4:55  Pylon  
  54  4:58  Probe x2  
  56  5:06  Gateway  
  56  5:08  Gateway  
  56  5:10  Probe x2  
  56  5:11  High Templar  
  56  5:12  High Templar  
  56  5:13  Zealot  
  56  5:14  Zealot  
  66  5:16  Archon  
  66  5:22  Probe (Chrono Boost)  
  66  5:27  Probe (Chrono Boost)  
  68  5:32  Probe (Chrono Boost)  
  68  5:34  High Templar  
  68  5:35  High Templar, Probe (Chrono Boost)  
  74  5:39  Archon  
  74  5:45  Zealot x2  
  74  5:48  Pylon  
  74  5:49  Pylon  
  78  6:02  Probe (Chrono Boost)  
  80  6:08  High Templar x2, Nexus, Probe (Chrono Boost)  
  80  6:09  Pylon  
  80  6:10  Zealot x3  
  91  6:11  Zealot  
  91  6:13  Archon, Probe (Chrono Boost)  
  91  6:17  Probe (Chrono Boost)  
  94  6:33  Zealot  
  94  6:34  Zealot x3  
  102  6:40  Robotics Facility  
  102  6:41  Robotics Facility  
  102  6:43  Robotics Facility  
  102  7:37  Zealot x3  
  102  7:38  Zealot x3  
  102  7:43  Probe x3  
  117  7:47  Photon Cannon  
  117  7:48  Photon Cannon  
  117  7:50  Photon Cannon  
  117  7:53  Photon Cannon, Shield Battery  
  117  7:55  Probe x3  
  117  7:56  Assimilator  
  120  7:59  Immortal  
  120  8:00  Assimilator  
  120  8:04  Robotics Bay  
  124  8:09  Nexus  
  124  8:10  Protoss Ground Weapons Level 2 (Chrono Boost)  
  124  8:14  Pylon  
  124  8:15  Pylon  
  124  8:32  Immortal x2  
  125  8:53  Disruptor  
  128  8:56  Extended Thermal Lance  
  128  9:00  Pylon  
  128  9:02  Pylon  
  128  9:03  Pylon  
  128  9:11  Disruptor x2  
  128  9:15  High Templar x2  
  138  9:22  Probe (Chrono Boost)  
  139  9:26  Probe (Chrono Boost)  
  139  9:27  Probe (Chrono Boost)  
  139  9:29  Disruptor (Chrono Boost)  
  145  9:33  Assimilator, Probe (Chrono Boost)  
  145  9:35  Assimilator, Probe x2 (Chrono Boost)  
  147  9:39  Probe (Chrono Boost)  
  147  9:40  Probe x2 (Chrono Boost)  
  150  9:47  Observer (Chrono Boost)  
  150  9:49  Probe  
  146  9:58  Disruptor (Chrono Boost)  
  138  10:01  Disruptor (Chrono Boost)  
  138  10:05  Disruptor (Chrono Boost)  
  147  10:09  Pylon  
  147  10:11  Pylon  
  147  10:13  Pylon  
  147  10:14  Archon  
  147  10:16  High Templar x2  
  147  10:19  Zealot x4  
  159  10:22  Archon  
  159  10:27  Pylon, Disruptor  
  162  10:28  Pylon  
  162  10:30  Pylon  
  162  10:41  Gateway  
  162  10:42  Gateway  
  162  10:45  Gateway  
  162  10:47  Gateway  
  162  10:49  Gateway  
  162  10:51  Gateway x2  
  162  10:55  Gateway  
  135  11:49  Gateway  
  135  11:52  Gateway  
  135  11:53  Gateway  
  135  11:54  Photon Cannon, Gateway  
  135  11:56  Photon Cannon, Gateway  
Tags
 
Add a new tag
Caveats
  • Supply blocks, unpowered buildings, or Contaminate may cause inaccurate times.
  • Supply counts are checked every 10 seconds.